 Dungeon Crawl Stone Soup version 0.17-a0-1150-g17b0b87 (webtiles) character file.

1654 NekoKawashu the Ruffian (level 8, 0/78 HPs)
             Began as a Troll Monk on May 27, 2015.
             Was a Priest of Nemelex Xobeh.
             Slain by a hippogriff (8 damage)
             ... on level 8 of the Dungeon.
             The game lasted 00:34:15 (3906 turns).

NekoKawashu the Ruffian (Troll Monk)                Turns: 3906, Time: 00:34:15

Health: 0/78       AC:  5    Str: 20    XL:     8   Next: 68%
Magic:  9/11       EV: 13    Int:  6    God:    Nemelex Xobeh [***...]
Gold:   230        SH:  0    Dex: 14    Spells: 0 memorised, 12 levels left

rFire  . . .     SeeInvis .       - Unarmed
rCold  . . .     Clarity  .     a - +0 robe
rNeg   . . .     SustAt   .     (no shield)
rPois  .         Gourm    +     (helmet restricted)
rElec  .         Spirit   .     m - +0 cloak
rCorr  .         Warding  .     (gloves unavailable)
rMut   .         Stasis   .     (boots unavailable)
MR     +....                    (no amulet)
Stlth  ++........               (no ring)
                                (no ring)

@: somewhat resistant to hostile enchantments, unstealthy
A: unfitting armour, antennae 1, claws 3, deformed body, fast metabolism 3,
gourmand, magic resistance 1, mutation resistance 1, regeneration 2, shaggy fur
1, tough skin 2
a: Triple Draw, Renounce Religion


You were on level 8 of the Dungeon.
You worshipped Nemelex Xobeh.
Nemelex Xobeh was most pleased with you.
You were not hungry.

You visited 1 branch of the dungeon, and saw 8 of its levels.

You collected 230 gold pieces.

Inventory:

Hand weapons
 d - a +2 spear of venom
Armour
 a - a +0 robe (worn)
 m - a +0 cloak (worn)
Jewellery
 j - an uncursed ring of fire {unknown}
Magical devices
 e - a wand of frost (18)
 l - a wand of enslavement (11)
 o - a wand of confusion (18)
Scrolls
 c - 4 scrolls of identify {unknown}
 f - a scroll of recharging {unknown}
 h - a scroll of remove curse {unknown}
Potions
 g - a potion of flight
 t - a potion of lignification {unknown}
Books
 k - a Fen Folio

   Spells                             Type                      Level
   a - Corpse Rot                     Necromancy                   2
   b - Stone Arrow                    Conjuration/Earth            3
   c - Leda's Liquefaction            Hexes/Earth                  4
   d - Summon Forest                  Summoning/Translocation      5
   e - Hydra Form                     Transmutation                6
   f - Summon Hydra                   Summoning                    7
Miscellaneous
 p - a plain deck of defence {drawn: 3}
 r - a plain deck of war {drawn: 7}
 s - an ornate deck of war {drawn: 3}
Comestibles
 i - 2 meat rations
 q - a beef jerky


   Skills:
 + Level 4.0 Fighting
 + Level 6.3 Dodging
 - Level 1.1 Stealth
 + Level 6.4 Unarmed Combat
 * Level 2.8 Spellcasting
 + Level 2.0 Evocations


You had 12 spell levels left.
You didn't know any spells.

Dungeon Overview and Level Annotations

Branches:
Dungeon (8/15)             Temple (0/1) D:6
   Lair: D:8-11

Altars:
Gozag
Nemelex Xobeh

Shops:
D:5 [

Annotations:
D:8 Grum; emiel's ghost, experienced NaWn


Innate Abilities, Weirdness & Mutations

You are too large for most types of armour.
You have claws for hands.
Your metabolism is lightning-fast.
You like to eat raw meat.
You heal very quickly.
You are covered in fur (AC +1).
You have very tough skin (AC +2).
You have a pair of small antennae on your head.
Armour fits poorly on your strangely shaped body.
You are resistant to hostile enchantments.
You are somewhat resistant to further mutation.


Message History

The hippogriff begins to bleed from its wounds!
The hippogriff is moderately wounded.
The wolf bites you.
* * * LOW HITPOINT WARNING * * *
The hippogriff closely misses you. The hippogriff pecks you.
* * * LOW HITPOINT WARNING * * *
The hippogriff claws you but does no damage.
You don't know any spells.
Use which ability? (? or * to list) Triple draw from which deck? (? for menu, Esc to quit)
You draw... (choose one card, ? for their descriptions) a - Velocity
b - the Elixir The deck of cards disappears without a trace.
The hippogriff seems to speed up.
The wolf seems to speed up.
You feel somewhat more hungry.
Your fortitude fades away.
The wolf completely misses you. The wolf misses you. The hippogriff bites you!
You die...
Your body glows with a rainbow of weird colours and disappears.

.. #.......##..
...####..........
......#..........
#................
##...............
.
##.....†........
..
#...###%........
.. ....#
#.Hh.##### ..##
#.@..# .#
#......#
#........#
#......##..# #.
...##...# #..# ##
... #...# #..# #
#. ##..# ... #.
#..# .. #.


You could see a hippogriff (bleeding) and a wolf.

Vanquished Creatures
  A hippogriff (D:8)
  The ghost of Vikmgn the Slasher, an average OpFi of Dithmenos (D:3)
  2 wolves (D:8)
  A sky beast (D:7)
  2 phantoms (D:7)
  An ogre (D:7)
  8 killer bees (D:7)
  5 orc priests
  A giant frog zombie (D:7)
  A hound (D:4)
  An iguana (D:5)
  A jelly (D:3)
  A giant frog skeleton (D:6)
  2 orc wizards (D:6)
  A worker ant (D:7)
  A hound zombie (D:6)
  6 adders
  A shadow imp (D:5)
  2 oozes
  An adder skeleton (D:4)
  3 worms (D:2)
  A giant gecko (D:8)
  10 orcs
  2 bat skeletons
  3 giant cockroaches
  4 hobgoblins
  6 jackals
  5 quokkas
  7 bats
  4 giant newts
  11 goblins
  8 kobolds
  A quokka skeleton (D:5)
  5 rats
110 creatures vanquished.

Vanquished Creatures (collateral kills)
  An ogre (D:7)
  A killer bee (D:7)
  2 orc wizards
  An iguana (D:7)
  An ooze (D:7)
  An orc (D:7)
  2 kobolds
  A giant gecko (D:7)
10 creatures vanquished.

Grand Total: 120 creatures vanquished

Notes
Turn   | Place    | Note
--------------------------------------------------------------
     0 | D:1      | NekoKawashu the Troll Monk began the quest for the Orb.
     0 | D:1      | Reached XP level 1. HP: 22/22 MP: 0/0
   110 | D:2      | Reached XP level 2. HP: 19/29 MP: 1/1
   307 | D:2      | Reached XP level 3. HP: 36/36 MP: 2/2
  1131 | D:3      | Reached XP level 4. HP: 41/44 MP: 3/3
  1255 | D:3      | Noticed Vikmgn's ghost (average OpFi)
  1264 | D:3      | Killed Vikmgn's ghost
  1264 | D:3      | Reached skill level 5 in Unarmed Combat
  1264 | D:3      | Reached skill level 1 in Spellcasting
  1264 | D:3      | Reached XP level 5. HP: 29/53 MP: 3/5
  1622 | D:4      | Reached XP level 6. HP: 59/61 MP: 6/6
  1925 | D:4      | Found a sparkling altar of Nemelex Xobeh.
  1946 | D:4      | Became a worshipper of Nemelex Xobeh the Trickster
  1946 | D:4      | Received a gift from Nemelex Xobeh
  1946 | D:4      | Received a gift from Nemelex Xobeh
  1954 | D:4      | Received a gift from Nemelex Xobeh
  2118 | D:5      | Entered Level 5 of the Dungeon
  2191 | D:5      | Found an opulent altar of Gozag.
  2335 | D:5      | Found Beaniz's Antique Armour Boutique.
  2547 | D:6      | Received a gift from Nemelex Xobeh
  2861 | D:6      | Found a staircase to the Ecumenical Temple.
  2905 | D:6      | Reached XP level 7. HP: 46/67 MP: 8/8
  2949 | D:6      | Acquired Nemelex Xobeh's first power
  2971 | D:7      | Reached skill level 5 in Dodging
  2971 | D:7      | Reached skill level 1 in Evocations
  2995 | D:7      | Reached skill level 6 in Unarmed Combat
  2995 | D:7      | Reached XP level 8. HP: 34/78 MP: 10/10
  3064 | D:7      | Gained mutation: You have a pair of small antennae on your head. [mutagenic meat]
  3092 | D:7      | Gained mutation: You are resistant to hostile enchantments. [mutagenic meat]
  3093 | D:7      | Gained mutation: Armour fits poorly on your strangely shaped body. [mutagenic meat]
  3097 | D:7      | Gained mutation: You are somewhat resistant to further mutation. [mutagenic meat]
  3111 | D:7      | Received a gift from Nemelex Xobeh
  3451 | D:8      | Noticed emiel's ghost (experienced NaWn)
  3478 | D:8      | HP: 1/78 [emiel's ghost (5)]
  3832 | D:8      | Received a gift from Nemelex Xobeh
  3878 | D:8      | Noticed Grum
  3906 | D:8      | Slain by a hippogriff

Vault maps used:
D:1:      nicolae_arrival_washed_ashore
D:4:      nemelex_deck, first_bread
D:5:      nicolae_gozag_cash_rules_everything_around_me, lemuel_crystal_altar,
          serial_shops, nicolae_shop_behind_doors, dk_noncrumbling_4,
          item_on_display_a
D:6:      minmay_temple_entry_statues_pillars
D:8:      overflow_temple_1_default, uniq_grum

Action                   |  1- 3 |  4- 6 |  7- 9 || total
-------------------------+-------+-------+-------++-------
Melee: Unarmed           |    83 |   127 |    69 ||   279
Invok: Triple Draw       |       |       |     2 ||     2
Evoke: Deck              |       |     7 |    22 ||    29
  Use: Potion            |       |     2 |     3 ||     5
 Stab: Sleeping          |     1 |     1 |     1 ||     3
  Eat: Bread ration      |     2 |     1 |       ||     3
       Chunk             |       |     5 |     6 ||    11
       Fruit             |       |     3 |       ||     3
       Beef jerky        |       |     1 |     2 ||     3
       Royal jelly       |       |     1 |       ||     1
       Meat ration       |       |       |     1 ||     1
